 Dungeon Crawl Stone Soup version 0.30-a0-329-g85436e0a43 (webtiles) character file.

Game seed: 7548646674560669608

93 themarg the Sneak (level 4, -11/35 HPs)
             Began as a Human Delver on Oct 28, 2022.
             Killed by divine providence
             ... invoked by an orc priest
              (14 damage)
             ... on level 3 of the Dungeon.
             The game lasted 00:09:20 (2104 turns).

themarg the Sneak (Human Delver)                    Turns: 2104, Time: 00:09:21

Health: -11/35     AC:  8    Str: 14    XL:     4   Next: 91%
Magic:  4/4        EV:  6    Int: 10    God:
Gold:   125        SH:  0    Dex: 15    Spells: 3/3 levels left

rFire   . . .      SeeInvis .    a - +0 falchion
rCold   . . .      Faith    .    (no shield)
rNeg    . . .      Spirit   .    q - +0 chain mail
rPois   .          Reflect  .    (no helmet)
rElec   .          Harm     .    (no cloak)
rCorr   .          Rampage  .    (no gloves)
Will    .....                    (no boots)
Stlth   ..........               (no amulet)
HPRegen 0.25/turn                (no ring)
MPRegen 0.09/turn                (no ring)

@: no status effects
A: no striking features
a: no special abilities


You were on level 3 of the Dungeon.
You visited 1 branch of the dungeon, and saw 5 of its levels.

You collected 125 gold pieces.

Inventory:

Hand Weapons
 a - a +0 falchion (weapon)
Missiles
 b - 2 boomerangs
 f - 11 stones (quivered)
 k - 5 poisoned darts
Armour
 q - a +0 chain mail (worn)
Wands
 g - a wand of digging (3)
Scrolls
 c - a scroll of fog
 d - 2 scrolls of amnesia {unknown}
 e - a scroll of fear
 h - 4 scrolls of magic mapping
 i - a scroll of vulnerability {unknown}
 j - a scroll of torment {unknown}
 l - a scroll of identify {unknown}
 o - a scroll of enchant armour {unknown}
 p - a scroll of enchant weapon {unknown}
 r - 2 scrolls of silence {unknown}
Potions
 m - a potion of lignification {unknown}
 n - a potion of brilliance {unknown}


   Skills:
 - Level 3.0 Fighting
 + Level 4.7 Long Blades
 - Level 2.0 Dodging
 - Level 5.0 Stealth


You had 3 spell levels left.
You didn't know any spells.
Your spell library was empty.

Dungeon Overview and Level Annotations

Branches:
Dungeon (5/15)             Temple (0/1) D:5

Altars:

Shops:
D:2 [

Annotations:
D:5 2 transporters, exclusion: iguana


Message History

The orc is heavily wounded.
The orc hits you but does no damage.
You closely miss the orc.
The orc is heavily wounded.
The orc hits you with a +0 club.
You slash the orc!
You kill the orc!
You hit the orc priest.
The orc priest is lightly wounded.
The orc priest barely misses you.
You closely miss the orc priest.
The orc priest is lightly wounded.
The orc priest hits you but does no damage.
You completely miss the orc priest.
The orc priest is lightly wounded.
The orc priest hits you but does no damage.
You hit the orc priest but do no damage.
The orc priest is lightly wounded.
The orc priest hits you with a +0 short sword.
You hit the orc priest.
The orc priest is lightly wounded.
The orc priest hits you but does no damage.
You barely miss the orc priest.
The orc priest is lightly wounded.
The orc priest begins to cast a cantrip, but forgets the words!
The orc priest barely misses you.
You slash the orc priest!
The orc priest is almost dead.
The orc priest mumbles some strange prayers to Beogh against you.
You barely resist.
You hit the orc priest but do no damage.
The orc priest is almost dead.
The orc priest calls down the wrath of Beogh upon you.
Pain shoots through your body!
* * * LOW HITPOINT WARNING * * *
You hit the orc priest but do no damage.
The orc priest is almost dead.
The orc priest calls down the wrath of Beogh upon you.
Beogh smites you!
You die...

#..## ##...####### #
####<.###..#........
#
#..>.).....#........
#
#..........#........
#
#..........#†.......
#
#######.####.......>
. #.## #........
#..###........
##.@o..........
####...........
#...##.....
###..##..#.#
#...##...#.####
#.#..#..#.....
#...........#
#.###......# ##
#......##


You could see an orc priest.

Vanquished Creatures
  3 adders
  An ufetubus (D:4)
  3 dart slugs (D:1)
  6 orcs
  4 ball pythons
  4 endoplasms
  4 giant cockroaches
  A goblin (D:1)
  3 hobgoblins
  5 jackals
  3 kobolds
  2 quokkas (D:1)
  3 bats
  A frilled lizard (D:1)
  2 rats (D:1)
45 creatures vanquished.

Notes
Turn   | Place    | Note
-------+----------+-------------------------------------------
     0 | D:5      | themarg the Human Delver began the quest for the Orb.
     0 | D:5      | Reached XP level 1. HP: 18/18 MP: 1/1
    22 | D:5      | Noticed an iguana
    34 | D:5      | Found a transporter.
    34 | D:5      | Noticed a small abomination
    39 | D:5      | Found a transporter.
    41 | D:5      | Noticed a small abomination
   186 | D:5      | Noticed an iguana
   225 | D:5      | Noticed a phantom
   332 | D:3      | Reached XP level 2. HP: 24/24 MP: 2/2
   392 | D:2      | Found Kaebuloco's Antique Armour Boutique.
   765 | D:1      | Reached XP level 3. HP: 17/29 MP: 3/3
  1347 | D:2      | Reached XP level 4. HP: 18/35 MP: 4/4
  2104 | D:3      | Killed from afar by an orc priest

Illustrated notes

Levels and vault maps discovered:
D:1:      elethiomel_arrival_shortcut, layout_rooms
D:2:      layout_rooms, serial_shops, nicolae_shop_statue_plus
D:3:      layout_rooms, nicolae_wu_jian_immortal_techniques, uniq_robin,
          uniq_terence
D:4:      layout_basic, amethyst_overflow_temple_binary
D:5:      layout_layer_cave, minmay_temple_entry_antechambers,
          chequers_ossuary_entry_cave, gammafunk_ghost_abyssal_escape,
          uniq_crazy_yiuf_cottage

Skill      XL: |  1  2  3 |
---------------+----------+-----
Long Blades    | 3 4 |  4.7
Fighting       | |  3.0
Dodging        | |  2.0
Stealth        | |  5.0

Action                   |  1- 3 |  4- 6 || total
-------------------------+-------+-------++-------
Melee: Falchion          |   140 |    70 ||   210
       Punch             |     1 |       ||     1
  Use: Scroll            |     2 |       ||     2
       Potion            |     1 |     1 ||     2
 Stab: Sleeping          |     6 |     1 ||     7
Armor: Leather armour    |    34 |     9 ||    43
       Chain mail        |       |    16 ||    16
Dodge: Dodged            |    93 |    43 ||   136

Table legend: (Time is in decaauts)
 A = Elapsed time spent in this place.
 B = Non-inter-level travel time spent in this place.
 C = Inter-level travel time spent in this place.
 D = Time resting spent in this place.
 E = Time spent auto-exploring this place.
 F = Levels seen in this place.
 G = Mean time per level.
                   A        B        C        D        E       F      G
               +--------+--------+--------+--------+--------+-----+--------+
         Total |   2122 |   2021 |    101 |    468 |    822 |   5 |  424.4 |
       Dungeon |   2122 |   2021 |    101 |    468 |    822 |   5 |  424.4 |
               +--------+--------+--------+--------+--------+-----+--------+

Top non-repeatable levels by time:
     D:2: 839 daAuts
     D:1: 745 daAuts
     D:5: 234 daAuts
     D:3: 224 daAuts
     D:4: 77 daAuts
